[Event "Slovakian-ch Youth 2022"]
[Site "Lubovna"]
[Date "2022.05.26"]
[Round "7.3"]
[White "Magda, Filip"]
[Black "Smetana, Peter"]
[Result "0-1"]
[ECO "E62"]
[WhiteElo "1624"]
[BlackElo "1740"]
[Annotator "NA RC COMBH"]
[PlyCount "68"]
[EventDate "2022.05.22"]
[EventCountry "SVK"]
[SourceTitle "playchess.com"]
[Source "ChessBase"]
[SourceQuality "1"]
[TimeControl "40/5400+30:1800+30"]

1. d4 Nf6 2. Nf3 g6 3. c4 Bg7 4. g3 O-O 5. Bg2 d6 6. O-O Nc6 7. Nc3 e5 8. dxe5 dxe5 9. e4 Be6 10. b3 a6 11. Bb2 Nd7 12. Nd5 Ne7 13. Ng5 Bxd5 14. exd5 Nf5 15. Ne4 Nd6 16. Nxd6 cxd6 17. Qd2 f5 18. Ba3 Rf6 19. Rad1 Rc8 20. Bb2 b5 21. cxb5 axb5 22. b4 Nb6 23. Ba1 Rf7 24. Rc1 Nc4 25. Qe2 Ra7 26. Rc2 Rca8 27. Rfc1 Ra4 28. Bc3 e4 29. Bxg7 Kxg7 30. Rxc4 bxc4 31. Qxc4 Rxa2 32. Qc7+ Qxc7 33. Rxc7+ Kf6 34. b5 R2a7 0-1

[Event "Slovakian-ch Youth 2022"]
[Site "Lubovna"]
[Date "2022.05.26"]
[Round "7.4"]
[White "Bochnicka, Vladimir"]
[Black "Chlpek, Daniel"]
[Result "0-1"]
[ECO "B56"]
[WhiteElo "2267"]
[BlackElo "2030"]
[Annotator "TA"]
[PlyCount "122"]
[EventDate "2022.05.22"]
[EventCountry "SVK"]
[SourceTitle "playchess.com"]
[Source "ChessBase"]
[SourceQuality "1"]
[TimeControl "40/5400+30:1800+30"]

1. e4 c5 2. Nf3 Nc6 3. d4 cxd4 4. Nxd4 Nf6 5. Nc3 d6 6. Be3 Ng4 7. Bg5 Qb6 8. Bb5 e5 {[%emt 0:00:05] [#]} (8... Bd7 $14 {should be considered.} 9. O-O h6) 9. h3 $146 {[%emt 0:17:16] B56: Classical Sicilian: Unusual Lines.} ({Don't go for} 9. Bxc6+ $2 bxc6 10. Nde2 Qxf2+ 11. Kd2 h6 $19) ({Only move:} 9. Nd5 $1 $16 Qxd4 10. Qxd4 exd4 11. Nc7+ Kd7 12. Nxa8) ({Predecessor:} 9. Nd5 Qxd4 10. Qxd4 exd4 11. Nc7+ Kd7 12. Nxa8 b6 13. h3 Nf6 14. f3 Bb7 15. Nxb6+ axb6 16. O-O-O Be7 17. Bxc6+ Kxc6 18. Rxd4 {½-½ (61) Skuhala,B (2077)-Baches Garcia,G (2329) Chess.com INT 2021}) 9... Qxd4 $11 (9... exd4 $2 10. Nd5 $1 Qa5+ 11. b4 Qxb5 12. Nc7+ Kd7 13. Nxb5 $18) 10. hxg4 Qxd1+ 11. Rxd1 {[%emt 0:01:23] The position is equal.} f6 12. Be3 Bxg4 13. Rd3 O-O-O 14. Nd5 Kb8 15. Ra3 Nd4 (15... Rc8 $11) 16. Bd3 {[%emt 0:00:57][%mdl 1024] White has compensation.} (16. Bxd4 $5 exd4 17. Ra4 $14) 16... Be6 17. c3 Nc6 18. b4 b6 $1 19. O-O Ne7 20. c4 Nxd5 21. exd5 Bc8 22. c5 $2 (22. Rb3 $11) 22... dxc5 $19 23. bxc5 Rxd5 24. Rb3 Rxc5 25. Bxc5 Bxc5 26. Rc1 {[%emt 0:02:35] aiming for Rxc5.} Be6 (26... Bd4 $142 27. a4 Bb7) 27. Rb5 (27. Bc4 $17 {keeps fighting.} Bc8 28. Be2) 27... Kc7 (27... Rc8 $19 {[%cal Oc5f2] Hoping for ...Bxf2+!} 28. Rc2 g6) 28. Rc2 (28. Rbxc5+ $17 bxc5 29. Rxc5+ Kb6 30. Rb5+ Kc6 31. a4) 28... g6 29. a4 (29. Rbxc5+ $17 bxc5 30. Rxc5+ Kd6 31. Ra5) 29... Rd8 30. Be2 Bf5 31. Ra2 a5 32. Kf1 Rd4 33. Rbb2 Be6 34. Ra1 Rf4 35. Bb5 Rd4 $2 {[%emt 0:02:55] Prevents Rd1.} (35... h5 $19 {And now ...h4 would win.} 36. Rc1 g5) 36. Rc1 $2 (36. Be2 $1 $11 Kb7 37. Kg1) 36... Kd8 37. Rc3 Ke7 38. Ke2 f5 39. Rh3 h5 40. Rc2 Bd5 41. Rg3 Kf7 42. Re3 Kf6 43. f3 e4 {[%emt 0:01:19] Against Rd3} 44. Rec3 (44. fxe4 {was called for.} Bxe4 45. Rxe4 Rxe4+ 46. Kd1) 44... h4 45. Rc1 h3 $2 (45... exf3+ 46. gxf3 Ke5) 46. gxh3 exf3+ 47. Rxf3 Bxf3+ 48. Kxf3 {[%emt 0:00:00][%mdl 4096] Endgame KRB-KRB} g5 49. Re1 Rb4 50. Re8 $2 (50. Rd1 {is a better defense.}) 50... Rb3+ 51. Kg2 Bd6 {[%emt 0:01:18] White must now prevent ...Rg3+.} 52. Re6+ $2 (52. Bc4 Rg3+ 53. Kf2) 52... Kxe6 53. Bc4+ Ke5 54. Bxb3 {[%emt 0:00:00] KB-KB} b5 55. axb5 Kd4 56. b6 g4 (56... Kc3 $142 57. Be6 f4) 57. h4 {[%emt 0:00:00] [#]} Ke5 $1 {[%emt 0:01:49] Threatens to win with ...f4.} 58. h5 $2 (58. Bd1 {was the only chance.} Kf6 59. b7) 58... Kf6 {[%emt 0:00:20] Strongly threatening ...Kg5.} 59. b7 $2 (59. h6 f4 60. h7) 59... f4 $2 (59... Kg5 60. Be6 a4) 60. Ba4 $2 (60. h6 Kg6 61. h7 Kxh7 62. Be6) 60... Kg5 {[%emt 0:00:28] ( -> ...f3+)} 61. Be8 Bb8 {[%emt 0:00:48] Weighted Error Value: White=1.09/Black=0.49} 0-1

[Event "Slovakian-ch Youth 2022"]
[Site "Lubovna"]
[Date "2022.05.26"]
[Round "7.4"]
[White "Toth, Mihaly"]
[Black "Muller, Tomas"]
[Result "0-1"]
[ECO "C00"]
[WhiteElo "1909"]
[BlackElo "1240"]
[Annotator "TA"]
[PlyCount "62"]
[EventDate "2022.05.22"]
[EventCountry "SVK"]
[SourceTitle "playchess.com"]
[Source "ChessBase"]
[SourceQuality "1"]
[TimeControl "40/5400+30:1800+30"]

1. e4 e6 2. d3 d5 3. Nd2 Nf6 4. b3 Nc6 {[#]} 5. Be2 $146 ({Predecessor:} 5. Bb2 Bc5 6. Ngf3 d4 7. Be2 e5 8. h3 Qe7 9. a4 a5 10. Nf1 Bd7 11. Ng3 {0-1 (34) Broser,C (1651)-Dumancic,P (2069) Haid 2018}) 5... Bb4 6. Bb2 {C00: French: Unusual White 2nd moves.} O-O (6... dxe4 $1 $15 7. a3 Bxd2+ 8. Qxd2 e5) 7. c3 Bc5 (7... Bd6 $11) 8. Ngf3 {White is slightly better.} dxe4 9. dxe4 Ng4 10. O-O Qf6 (10... a5 $11) 11. Rb1 (11. Qc2 $16) 11... Qh6 12. h3 Nf6 (12... Nge5 $11) 13. e5 $14 Nd7 (13... Nd5 $11) 14. Ne4 (14. Nc4 $14) 14... Bb6 $2 (14... Be7 $1 $11) 15. c4 $2 (15. Bc1 $1 $18 {[%cal Rc1h6] is the precise move to win.} Qh5 16. Neg5) 15... Rd8 16. Qc2 (16. Bd3 $16 {Bc1 is the strong threat.} Nc5 17. Nxc5 Bxc5 18. b4) 16... Qg6 $2 {[#]} (16... Nb4 $14 17. Qc1 Qxc1 18. Bxc1 (18. Rbxc1 Nxa2 19. Ra1 Nb4 $14) 18... Nxa2) 17. a3 $2 (17. Rbd1 $1 $18) 17... a6 $2 (17... Nc5 $1 $11 18. Nfg5 Nxe4 19. Nxe4 Bd4) 18. Bc1 $4 {[%mdl 8192] [#]} (18. Bd3 $18) 18... Nc5 $1 $19 (18... Ncxe5 $2 19. Nh4 $18) 19. Nh4 $2 (19. Nfg5 {nothing else works.}) 19... Qxe4 20. Qxe4 Nxe4 21. b4 Nxe5 22. Bb2 Nd2 23. Rfd1 (23. Bxe5 {only move.} Nxf1 24. Bxf1) 23... c6 24. Bxe5 Nxb1 25. Rxb1 Rd2 26. Bf3 (26. Kf1) 26... Bxf2+ {Black is clearly winning.} 27. Kf1 Bxh4 28. Bc3 Rf2+ 29. Kg1 Rc2 30. Rd1 Rxc3 31. g3 Be7 {Weighted Error Value: White=1.31/Black=0.88} 0-1

[Event "Slovakian-ch Youth 2022"]
[Site "Lubovna"]
[Date "2022.05.26"]
[Round "7.4"]
[White "Benci, Jozef"]
[Black "Gollner, Martin"]
[Result "0-1"]
[ECO "A05"]
[WhiteElo "1873"]
[BlackElo "1585"]
[Annotator "NA RC COMBH"]
[PlyCount "90"]
[EventDate "2022.05.22"]
[EventCountry "SVK"]
[SourceTitle "playchess.com"]
[Source "ChessBase"]
[SourceQuality "1"]
[TimeControl "40/5400+30:1800+30"]

1. Nf3 Nf6 2. g3 g6 3. Bg2 Bg7 4. O-O O-O 5. d4 c5 6. c3 cxd4 7. Nxd4 Nc6 8. Nb3 Qc7 9. N1d2 d5 10. Nf3 e6 11. Bg5 b6 12. Qc1 Ba6 13. Re1 Ne4 14. Bh6 Nc5 15. Bxg7 Kxg7 16. Nbd4 Rac8 17. h4 h5 18. Bh3 Nxd4 19. Nxd4 Qe5 20. Nf3 Qf6 21. Qg5 Ne4 22. Qxf6+ Kxf6 23. Rad1 b5 24. Nd2 Nd6 25. Nf3 b4 26. cxb4 Rc2 27. Rd2 Rfc8 28. e3 Ne4 29. Rxc2 Rxc2 30. Nd4 Rxb2 31. Nc6 Nxf2 32. Bf1 Bb7 33. b5 Ne4 34. Nxa7 Rxa2 35. b6 Rb2 36. Nb5 Nxg3 37. Bd3 Rb3 38. Nd6 Rxb6 39. Nxb7 Rxb7 40. Kg2 Ne4 41. Bxe4 dxe4 42. Rf1+ Ke5 43. Rf4 Rb2+ 44. Kg3 f5 45. Rf1 Re2 0-1

[Event "Slovakian-ch Youth 2022"]
[Site "Lubovna"]
[Date "2022.05.26"]
[Round "7.5"]
[White "Brnusak, Tomas"]
[Black "Priechodsky, Radovan"]
[Result "1-0"]
[ECO "A13"]
[WhiteElo "2212"]
[BlackElo "1965"]
[Annotator "TA"]
[PlyCount "87"]
[EventDate "2022.05.22"]
[EventCountry "SVK"]
[SourceTitle "playchess.com"]
[Source "ChessBase"]
[SourceQuality "1"]
[TimeControl "40/5400+30:1800+30"]

1. c4 e6 2. Nf3 d5 3. e3 Nf6 4. b3 Be7 5. Bb2 O-O 6. d4 c6 {[%emt 0:04:18] A13: English Opening: 1...e6.} 7. Bd3 a6 8. O-O Nbd7 {[%emt 0:00:18] White has an edge.} 9. Nbd2 b5 (9... b6 $11 {keeps the balance.}) 10. Ne5 (10. c5 $16) 10... Bb7 11. f4 {[%emt 0:09:45] [#]} g6 $146 ({Predecessor:} 11... bxc4 12. bxc4 c5 13. cxd5 Bxd5 14. e4 Bb7 15. Nxd7 Qxd7 16. Rf3 cxd4 17. Rh3 e5 18. fxe5 {1-0 (33) Collado Barbas,L (2024)-Seleznev,E (1772) Alicante 2021}) 12. g4 (12. c5 $14) 12... Nxe5 13. fxe5 Nd7 14. cxd5 cxd5 15. e4 $2 (15. Nf3 $11 {and White is okay.}) 15... Bg5 (15... Qb6 $19 {Threatens to win with ...Nxe5.} 16. Kg2 Bg5 17. exd5 Bxd5+ 18. Be4 Qc6 19. Bxd5 Qxd5+ 20. Nf3 f5) 16. exd5 $17 Be3+ (16... Bxd5 $6 17. Qe2 $15) 17. Kg2 $2 (17. Kh1 $17 {was the only defense.}) 17... Qg5 $2 ({Don't blunder} 17... Qh4 $2 18. Kh1 Bxd2 19. Be4 $19) (17... f5 $19 18. Kf3 Bxd4 $1 19. Bxd4 Nxe5+ $1 20. Bxe5 Qxd5+ 21. Kf2 (21. Kg3 $2 Qxe5+ 22. Kh3 Rad8 $19) 21... Qxe5) 18. Ne4 $11 Bxd5 19. Kg3 $1 Bxe4 (19... Qe7 $11 {remains equal.} 20. Qe1 Bh6) 20. Bxe4 $16 Rad8 21. h4 Qe7 22. Qe2 Bh6 23. g5 $36 {[%emt 0:00:07][%mdl 2048] White is on the roll.} Bg7 24. Rac1 Rc8 {[%emt 0:07:15] Prevents Rc7.} 25. Qd2 Nb8 26. Qa5 h6 (26... Qd7 $16 {is a better defense.}) 27. Kg4 (27. Ba3 $18 {and White stays clearly on top.} Qd8 28. Qxd8 Rfxd8 29. Rxc8 Rxc8 30. Rc1) 27... Qd8 (27... hxg5 $142 28. hxg5 (28. Ba3 Qd7 $11) 28... Qd7) 28. Qxd8 {[%emt 0:00:21] Dancing on a razor blade. 0x0.001a283658b1dp-1022s more active pieces. The black rooks are badly placed.} Rfxd8 29. Bb7 (29. Rxc8 $18 h5+ 30. Kf4 Rxc8 31. a3) 29... Rxc1 30. Rxc1 h5+ (30... Bf8 $16 31. h5 gxh5+ 32. Kxh5 hxg5) 31. Kf4 $18 Bf8 {[%emt 0:00:17] [#]} 32. a3 $1 Rd7 33. Bc8 Ra7 (33... Rd5 {was necessary.} 34. b4 Be7) 34. Ke4 Nd7 35. Rc6 Nb8 36. Rb6 Rc7 37. Rxb8 Rc2 38. Bxa6 {[%emt 0:01:10][%cal Oa3a4] aiming for a4!} b4 $2 {[%emt 0:00:04] [#]} (38... Re2+ 39. Kd3 Rxb2) 39. axb4 $1 {[%emt 0:00:12][%cal Ba3b4,Bb4b5,Bb5b6,Bb6b7][%mdl 32] Black must now prevent b5!} Rxb2 (39... Kg7 40. Ba3) 40. b5 {[%emt 0:00:05] And now b6 would win.} Rxb3 41. b6 Kg7 42. b7 f5+ 43. exf6+ Kf7 44. Rd8 {[%emt 0:00:00] What a bad dream for Black.  Weighted Error Value: White=0.34/Black=0.65} 1-0

[Event "Slovakian-ch Youth 2022"]
[Site "Lubovna"]
[Date "2022.05.26"]
[Round "7.5"]
[White "Polomsky, Tomas"]
[Black "Paholok, Adam"]
[Result "1/2-1/2"]
[ECO "A04"]
[WhiteElo "1467"]
[BlackElo "1449"]
[Annotator "NA RC COMBH"]
[PlyCount "98"]
[EventDate "2022.05.22"]
[EventCountry "SVK"]
[SourceTitle "playchess.com"]
[Source "ChessBase"]
[SourceQuality "1"]
[TimeControl "40/5400+30:1800+30"]

1. Nf3 e6 2. e3 c5 3. d4 Qc7 4. c3 Nc6 5. Bd3 b6 6. Nbd2 Bb7 7. Qe2 cxd4 8. cxd4 Nb4 9. O-O Nxd3 10. Qxd3 Nf6 11. e4 Be7 12. Re1 O-O 13. b3 Rfc8 14. e5 Nd5 15. Nc4 Nb4 16. Qe2 Ba6 17. Qe4 Bxc4 18. bxc4 Qxc4 19. Bg5 Bxg5 20. Nxg5 Qd3 21. Qf4 Qg6 22. Rec1 Nd5 23. Rxc8+ Rxc8 24. Rc1 Rxc1+ 25. Qxc1 Nc3 26. Qb2 Qb1+ 27. Qxb1 Nxb1 28. Ne4 Na3 29. Nd6 Nc2 30. Nc8 Nxd4 31. Nxa7 Nc6 32. Nc8 b5 33. Nd6 b4 34. Nc4 g5 35. g3 Kg7 36. f4 gxf4 37. gxf4 Kg6 38. Kf2 Kf5 39. Ke3 f6 40. Nd6+ Kg6 41. Ke4 fxe5 42. fxe5 Kg5 43. Ne8 h5 44. Ng7 Kg6 45. Ne8 Kf7 46. Nd6+ Kg6 47. Ne8 Kg5 48. h3 Kh4 49. Nf6 Kxh3 1/2-1/2

[Event "Slovakian-ch Youth 2022"]
[Site "Lubovna"]
[Date "2022.05.26"]
[Round "7.6"]
[White "Kapec, Kristian"]
[Black "Vadila, Ondrej"]
[Result "0-1"]
[ECO "B13"]
[WhiteElo "1902"]
[BlackElo "2082"]
[Annotator "TA"]
[PlyCount "70"]
[EventDate "2022.05.22"]
[EventCountry "SVK"]
[SourceTitle "playchess.com"]
[Source "ChessBase"]
[SourceQuality "1"]
[TimeControl "40/5400+30:1800+30"]

1. e4 c6 2. d4 d5 3. exd5 cxd5 4. Bd3 Nc6 5. c3 Nf6 6. Nf3 Bg4 7. h3 Bh5 8. Bf4 e6 9. Nbd2 Bd6 10. Bxd6 Qxd6 11. O-O O-O 12. Re1 {[%emt 0:04:39] B13: Caro-Kann: Exchange Variation and Panov-Botvinnik Attack.} Rab8 13. a4 Rfe8 {[%emt 0:03:15] [#]} 14. g4 $146 {[%emt 0:01:23] The position is equal.} ({Predecessor:} 14. Bc2 a6 15. a5 Nd7 16. g4 Bg6 17. Bxg6 hxg6 18. Kg2 f6 19. b4 e5 20. dxe5 Ncxe5 {½-½ (20) Araujo,R (1916)-Silva,F Sao Luis 2022}) 14... Bg6 15. Bxg6 hxg6 16. Ne5 Nd7 17. f4 f6 18. Nxd7 Qxd7 19. Qc2 Kf7 20. Re3 {[%emt 0:02:26] [#]} (20. Qd3 $11) 20... Qc7 $1 $17 21. Rf1 {[%emt 0:04:53] [#]} ({White should play} 21. Nf3) 21... Nxd4 $1 22. Qd3 Nc6 23. f5 (23. h4 $17) 23... Ne5 $19 24. fxe6+ Rxe6 25. Qxd5 {[%emt 0:00:40] Loses the game.} (25. Qd4 $17) 25... Rd8 {[%emt 0:00:05] Black is clearly winning.} 26. Qg2 {[%emt 0:00:44] [#]} Rxd2 $1 27. Qxd2 Nc4 $1 28. Qd4 Nxe3 29. Rf3 {[%emt 0:01:44] Inhibits Qg3+.} Qc4 30. Qd7+ Re7 31. Qxe7+ Kxe7 32. Rxe3+ Kd7 33. Kf2 Qxa4 34. Re2 Qf4+ 35. Kg2 f5 {[%emt 0:00:04] Weighted Error Value: White=1.00/Black=0.11 (very precise)} 0-1

[Event "Slovakian-ch Youth 2022"]
[Site "Lubovna"]
[Date "2022.05.26"]
[Round "7.6"]
[White "Gay, Lukas"]
[Black "Tokarcik, Jan"]
[Result "1/2-1/2"]
[ECO "C65"]
[WhiteElo "1480"]
[BlackElo "1313"]
[Annotator "NA RC COMBH"]
[PlyCount "89"]
[EventDate "2022.05.22"]
[EventCountry "SVK"]
[SourceTitle "playchess.com"]
[Source "ChessBase"]
[SourceQuality "1"]
[TimeControl "40/5400+30:1800+30"]

1. e4 e5 2. Nf3 Nc6 3. Bb5 Nf6 4. Bxc6 dxc6 5. d3 Bd6 6. Nbd2 O-O 7. Nc4 Re8 8. Qe2 Bg4 9. Bd2 b5 10. Ne3 Be6 11. h4 h6 12. Bc3 Bd7 13. O-O-O b4 14. Bd2 a5 15. Rdg1 Ng4 16. Nxg4 Bxg4 17. Qe3 Be6 18. Kb1 a4 19. g4 b3 20. g5 h5 21. cxb3 axb3 22. g6 f6 23. a3 Qe7 24. Bc3 Red8 25. Rd1 Bg4 26. Rdg1 Bc5 27. Qe2 Qd6 28. Rxg4 hxg4 29. Ne1 Kf8 30. Qxg4 Ke7 31. h5 Rh8 32. h6 Rxh6 33. Rxh6 gxh6 34. Qh5 Qd8 35. f4 Bd4 36. Bxd4 exd4 37. e5 Qh8 38. Qh4 Rg8 39. f5 c5 40. e6 h5 41. Qf4 Rc8 42. Ng2 h4 43. Qc1 Kd6 44. Qf4+ Ke7 45. Qc1 1/2-1/2

[Event "Slovakian-ch Youth 2022"]
[Site "Lubovna"]
[Date "2022.05.26"]
[Round "7.7"]
[White "Cedzo, Adam"]
[Black "Stevik, Patrik"]
[Result "0-1"]
[ECO "B06"]
[WhiteElo "1869"]
[BlackElo "2249"]
[Annotator "TA"]
[PlyCount "64"]
[EventDate "2022.05.22"]
[EventCountry "SVK"]
[SourceTitle "playchess.com"]
[Source "ChessBase"]
[SourceQuality "1"]
[TimeControl "40/5400+30:1800+30"]

1. e4 g6 2. d4 Bg7 3. Nc3 d6 4. Be3 a6 5. Qd2 b5 6. f3 Bb7 7. h4 h5 $1 {[%emt 0:02:18] The main line 7...h5 scores better than 7...h6.} 8. Nh3 Nd7 9. Ng5 {[%emt 0:03:05] B06: Modern Defence.} Rc8 (9... Ngf6 $11) 10. a4 $16 b4 {[%emt 0:02:31] [#]} ({Black should try} 10... c6) 11. Nd1 (11. Bc4 $1 $16 e6 12. Ne2) 11... a5 12. Bc4 (12. c3 $16) 12... e6 {[%emt 0:02:14] [#]} 13. O-O $146 (13. d5 {seems wilder.} Ne5 14. Bb5+ c6 15. dxe6 cxb5 16. exf7+ Nxf7 17. Ne6) ({Predecessor:} 13. c3 c5 14. Bb5 Ngf6 15. Nf2 Qe7 16. Rd1 Bc6 17. Qe2 O-O 18. O-O Bxb5 19. Qxb5 {1-0 (60) Gruzmann,B (2250)-Holinka,H (2009) Berlin 2015}) 13... Ngf6 ({Better is} 13... d5 $11 14. Bb5 Ne7) 14. Nf2 Qe7 15. Bd3 (15. c3 $14) 15... O-O (15... c5 $1 $11) 16. Ngh3 (16. c3 $14) 16... c5 17. dxc5 (17. c3 $1 $15) 17... dxc5 ({Stronger than} 17... Nxc5 18. Bb5 $15) (17... d5 $17 {And now ...dxe4 would win.} 18. Ng5 dxe4 19. Bxe4 Nxc5 20. Bxb7 Nxb7) 18. c3 (18. Bb5 $11 {keeps the balance.}) 18... c4 $17 {[%emt 0:03:45] [#] White must now prevent ...bxc3.} 19. Be2 Rfd8 20. cxb4 axb4 ({But not} 20... Qxb4 $6 21. Rfd1 $11) 21. Rfc1 Ba6 22. Qe1 Rc6 23. Bd2 Rb8 {[%emt 0:01:52][%cal Of6e4] Black is more active.} ({Much weaker is} 23... c3 $6 24. bxc3 b3 25. Rcb1 $11) 24. Nd3 Rcb6 25. e5 $2 {[%emt 0:00:51][%mdl 8192] Loses the game.} (25. a5 $17 {is more resistant.} Rd6 26. Ndf2) 25... cxd3 $19 26. exf6 Bxf6 27. Bd1 Bxb2 28. Rab1 Bf6 29. Ng5 b3 {[%emt 0:02:07][%cal Bb4b3,Bb3b2][%mdl 32] ...b2 is the strong threat.} 30. Ba5 $2 (30. a5 Rb5 31. Be3) 30... b2 {[%emt 0:02:28] Black is clearly winning.} 31. Rc7 Qd6 32. Bxb6 Qxb6+ {[%emt 0:00:07] Weighted Error Value: White=0.85/Black=0.31} 0-1

[Event "Slovakian-ch Youth 2022"]
[Site "Lubovna"]
[Date "2022.05.26"]
[Round "7.7"]
[White "Toth, Marton"]
[Black "Demjan, David"]
[Result "0-1"]
[ECO "B07"]
[WhiteElo "1849"]
[BlackElo "1375"]
[Annotator "NA RC COMBH"]
[PlyCount "56"]
[EventDate "2022.05.22"]
[EventCountry "SVK"]
[SourceTitle "playchess.com"]
[Source "ChessBase"]
[SourceQuality "1"]
[TimeControl "40/5400+30:1800+30"]

1. e4 d6 2. d4 Nf6 3. Nc3 Nbd7 4. f3 e5 5. Be3 Be7 6. Bc4 c6 7. a4 Qc7 8. b4 d5 9. dxe5 Bxb4 10. Nge2 Nxe5 11. Ba2 dxe4 12. fxe4 Nxe4 13. Qd4 Nxc3 14. Nxc3 c5 15. Bxf7+ Nxf7 16. Qxg7 Qe5 17. Qxe5+ Nxe5 18. Bd2 Nc4 19. O-O-O O-O 20. Bh6 Bg4 21. Nd5 Rf2 22. Rdf1 Rxf1+ 23. Rxf1 Be2 24. Ne7+ Kh8 25. Rf2 Bh5 26. g4 Bxg4 27. Rf4 Bd2+ 28. Kb1 Bxf4 0-1

[Event "Slovakian-ch Youth 2022"]
[Site "Lubovna"]
[Date "2022.05.26"]
[Round "7.8"]
[White "Nadzamova, Viktoria"]
[Black "Bidulsky, Matej"]
[Result "1-0"]
[ECO "D02"]
[WhiteElo "2135"]
[BlackElo "1800"]
[Annotator "TA"]
[PlyCount "53"]
[EventDate "2022.05.22"]
[EventCountry "SVK"]
[SourceTitle "playchess.com"]
[Source "ChessBase"]
[SourceQuality "1"]
[TimeControl "40/5400+30:1800+30"]

1. Nf3 c5 2. g3 d5 3. Bg2 Nc6 4. d4 cxd4 5. Nxd4 e5 6. Nxc6 bxc6 7. O-O {[%emt 0:00:10][%cal Oc2c4] D02: 1 d4 d5 2 Nf3 sidelines, including 2...Nf6 3 g3 and 2...Nf6 3 Bf4.} (7. c4 $5 ) 7... Bb7 (7... Bc5 $11) 8. c4 $14 Qd7 9. Qa4 {[%emt 0:16:13] [#] White is better.} Bc5 $146 ({Predecessor:} 9... Nf6 10. Rd1 d4 11. e3 Be7 12. f4 d3 13. fxe5 Ng4 14. Qa5 O-O 15. Be4 Qe6 16. Bxd3 {0-1 (29) Nefedov,D (2125)-Timofeev,D (2185) Kimry 2003}) 10. Nc3 Ne7 11. Rd1 Rd8 12. Ne4 ({White should play} 12. Bg5 $16) 12... Bd4 {[%emt 0:00:42] [#]} (12... Bb6 $1 $14) 13. cxd5 (13. Rxd4 $1 $18 exd4 14. Nc5) 13... cxd5 $16 14. Nd6+ $1 Kf8 15. Qxd7 {[%emt 0:00:04] White is more active.} Rxd7 16. Nxb7 Rxb7 17. e3 Bb6 (17... Bxb2 $2 18. Rb1 f6 19. Bxb2 $18) 18. Bxd5 Rd7 (18... Nxd5 $16 19. Rxd5 f6) 19. Bf3 {[%emt 0:22:34] White is clearly better.} Rxd1+ 20. Bxd1 Ba5 21. b4 Bxb4 22. Rb1 a5 23. a3 Bd6 24. Rb6 Nc8 25. Rb7 {[%emt 0:00:30] Black must now prevent Bg4.} g6 26. Bb3 Ne7 27. e4 {[%emt 0:00:30] Weighted Error Value: White=0.06 (flawless) /Black=0.26 (precise)} (27. f4 $18) 1-0

[Event "Slovakian-ch Youth 2022"]
[Site "Lubovna"]
[Date "2022.05.26"]
[Round "7.8"]
[White "Ammer, Erik"]
[Black "Hudak, Jan"]
[Result "0-1"]
[ECO "B29"]
[WhiteElo "1320"]
[BlackElo "1688"]
[Annotator "NA RC COMBH"]
[PlyCount "158"]
[EventDate "2022.05.22"]
[EventCountry "SVK"]
[SourceTitle "playchess.com"]
[Source "ChessBase"]
[SourceQuality "1"]
[TimeControl "40/5400+30:1800+30"]

1. e4 c5 2. Nf3 Nf6 3. Nc3 Nc6 4. d3 e6 5. Bg5 Be7 6. Bf4 O-O 7. Be2 d5 8. exd5 exd5 9. O-O a6 10. h3 Be6 11. Re1 Rc8 12. Nh2 Nd4 13. Bf3 Qb6 14. Rb1 Bd6 15. Bg5 Bxh2+ 16. Kxh2 Qd6+ 17. Kg1 Nd7 18. Bh4 Qf4 19. Bg4 f5 20. Bg3 Qg5 21. Bf3 f4 22. Bh2 Bxh3 23. Nxd5 Bxg2 24. Bxg2 f3 25. Bg3 Qxd5 26. Bh3 Ne2+ 27. Rxe2 fxe2 28. Qxe2 Rce8 29. Qg4 Ne5 30. c4 Qxd3 31. Qd1 Qxd1+ 32. Rxd1 Nf3+ 33. Kg2 Re1 34. Rxe1 Nxe1+ 35. Kf1 Nd3 36. b3 Nc1 37. Bd6 Rd8 38. Bxc5 Rd1+ 39. Kg2 Nxa2 40. Be6+ Kh8 41. Bd5 Rb1 42. Bxb7 a5 43. Bb6 Rxb3 44. c5 Nb4 45. Bxa5 Nd3 46. c6 Nf4+ 47. Kg1 Nd5 48. Bd8 Rc3 49. Ba5 Rc2 50. Kg2 Kg8 51. Kf3 Kf7 52. Ke4 Ke6 53. f4 Kd6 54. Kf5 Rc4 55. Kg5 Rc5 56. Bd2 Ne7+ 57. f5 Nxc6 58. Be3 Rb5 59. Bxc6 Kxc6 60. Kg4 Kd6 61. Bd2 Ke7 62. Bc3 Kf7 63. Kf4 Rb1 64. Kg4 Rg1+ 65. Kf4 h5 66. Bd4 Rg4+ 67. Ke5 Rxd4 68. Kxd4 Kf6 69. Ke4 Kg5 70. Kf3 Kxf5 71. Kg3 g5 72. Kh3 Kf4 73. Kh2 Kf3 74. Kh3 g4+ 75. Kh2 g3+ 76. Kg1 g2 77. Kh2 Kf2 78. Kh3 g1=Q 79. Kh4 Qg3+ 0-1

[Event "Slovakian-ch Youth 2022"]
[Site "Lubovna"]
[Date "2022.05.26"]
[Round "7.9"]
[White "Petrek, Dominik"]
[Black "Kuna, Patrik"]
[Result "0-1"]
[ECO "D30"]
[WhiteElo "2110"]
[BlackElo "1811"]
[Annotator "TA"]
[PlyCount "68"]
[EventDate "2022.05.22"]
[EventCountry "SVK"]
[SourceTitle "playchess.com"]
[Source "ChessBase"]
[SourceQuality "1"]
[TimeControl "40/5400+30:1800+30"]

1. d4 d5 2. Nf3 Nf6 3. c4 e6 4. e3 Be7 5. Nbd2 O-O 6. Bd3 b6 {[%emt 0:06:54] D30: Queen's Gambit Declined: Systems without Nc3.} 7. Qc2 Bb7 8. O-O Nbd7 {[%emt 0:00:09] Black is slightly better.} 9. b3 c5 10. Bb2 h6 11. e4 dxc4 {[%emt 0:07:44] [#]} 12. Bxc4 $146 ({Predecessor:} 12. bxc4 cxd4 13. e5 Ne8 14. Bxd4 Nc5 15. Bxc5 Bxc5 16. Be4 Qc7 17. Bxb7 Qxb7 18. Ne4 {½-½ (27) Campbell,B (2240)-Chu,C Toronto 1995}) 12... cxd4 13. Bxd4 Nc5 (13... Rc8 $5 14. e5 Nh5 $15) 14. Rfe1 Rc8 15. Rad1 Qc7 16. Be5 Qd7 17. Qb1 Rfd8 18. a4 a6 {[%emt 0:04:18] Prevents Bb5.} 19. Nf1 ({Better is} 19. Bf1 $15) 19... Qe8 (19... Qc6 $142 20. Nd4 Qe8 21. Bxf6 Bxf6) 20. Bxf6 {[%emt 0:01:28] [#] Hoping for Rxd8.} Bxf6 21. Ng3 (21. Rxd8 $17 {is a better defense.} Rxd8 22. Qc2) 21... b5 (21... Rxd1 $19 22. Qxd1 b5 23. axb5 axb5) 22. axb5 $17 axb5 23. Bf1 Bc3 {[%emt 0:01:41] A strong pair of Bishops.} 24. Re3 (24. Rxd8 $17 Qxd8 25. Rd1) 24... b4 ({Black should try} 24... Rxd1 $19 25. Qxd1 b4) 25. Bc4 $2 {[%emt 0:00:33] Loses the game.} (25. Rxd8 $17 Qxd8 26. Ne2) 25... Ra8 {[%emt 0:05:29] [#] And now ...Rxd1+ would win.} 26. Rxd8 (26. Rf1) 26... Qxd8 $19 (26... Rxd8 $2 {is the wrong capture.} 27. Qc2 $19) 27. Qc2 Ra1+ 28. Nf1 Qd1 29. Qxd1 Rxd1 30. e5 (30. Re2 {was necessary.}) 30... Rb1 31. Re2 Nxb3 {[%emt 0:01:59] Strongly threatening ...Bxf3.} 32. Ra2 Bd5 33. Bd3 (33. Bxd5 $142 exd5 34. g4) 33... Ra1 (33... Rd1 $142 34. Be2 Rc1) 34. Rc2 (34. Rxa1 Bxa1 35. Ne3) 34... Nc5 {[%emt 0:00:33] Weighted Error Value: White=0.74/Black=0.40} 0-1